cohdb
Replays
Latest Replays
All Replays
Popular Replays
Top Player Replays
Match Explorer
How It Works
Community
CoH3 Stats
Reddit
Sign in to upload your games and track your stats! →
Sign in with Steam
Match 41537373
Unlisted
Match 41537373
Overview
Messages
Build Orders
End
Selects Armored Battlegroup
Selects Assault Engineers
Assault Engineer Squad
Construct Weapon Support Center
M1919 Machine Gun Team
Assault Engineer Squad
Assault Engineer Squad
Bazooka Squad
Mechanized Support Center
Construct Medical Station
Construct Motor Pool
Selects Fast Deploy
M24 Chaffee Light Tank
Bazooka Squad
M24 Chaffee Light Tank
Bazooka Squad
Improved M9 Bazooka Rockets
Selects M8 Scott SPG
Selects UNKNOWN (2160077)
Assault Engineer Squad
Construct Tank Depot
M4A3E8 Sherman Easy Eight
Designate Forward Repair Station
Marek
Drip
Unusualsoupcan
Jd577
Angry Fat Dude
LordMaceWick
goat
LOlkekeshkere
0
0
Comments
sign in to comment!
No comments posted yet!